Map: Desvio para o Azul LE

Players

MrFOX

  • Race: Terran Terran
  • League: Gold
  • Spawn Location: 7:00

Vicster - Winner!

  • Race: Terran Terran
  • League: Gold
  • Spawn Location: 1:00

VOD

Have the link to the VOD?

Description

Time

  • Played on: Jan. 8, 2019, 3:41 p.m.
  • Length: 10:52
Show
View Real Time Build Order
Export as new Build Order

MrFOX Terran 

Build Orders: 1/1/1 

Get SALT Encoding   

  12  0:01  SCV  
  13  0:13  SCV  
  14  0:21  Supply Depot  
  14  0:25  SCV  
  14  0:27  Refinery  
  15  0:45  Barracks  
  15  0:48  SCV  
  16  0:53  Refinery  
  16  1:00  SCV  
  17  1:12  SCV  
  18  1:24  SCV  
  19  1:35  Marine  
  19  1:36  SCV, Supply Depot  
  21  1:42  Factory  
  21  1:52  SCV  
  21  1:53  Marine  
  23  2:04  SCV  
  24  2:16  Marine, SCV  
  26  2:29  Factory Tech Lab, Starport  
  26  2:34  Marine  
  26  2:35  Starport  
  27  2:52  Marine  
  28  3:08  Starport Tech Lab  
  28  3:10  Marine  
  29  3:15  Starport Tech Lab  
  29  3:16  Fusion Core  
  29  3:27  Marine  
  29  3:28  Supply Depot  
  29  3:32  Supply Depot  
  30  3:45  Marine  
  31  4:03  Marine  
  31  4:05  Supply Depot, Battlecruiser  
  38  4:17  SCV  
  39  4:27  Supply Depot  
  39  4:29  SCV  
  39  4:31  Marine  
  41  4:42  SCV  
  42  4:48  Marine  
  44  5:03  Battlecruiser  
  44  5:06  Marine  
  50  5:07  Supply Depot  
  50  5:19  Weapon Refit  
  47  5:24  Marine  
  48  5:42  Marine  
  49  5:46  Bunker  
  49  6:00  Marine  
  44  6:06  Battlecruiser  
  50  6:20  Marine, Bunker  
  51  6:38  Marine  
  52  6:56  Marine  
  53  7:03  Battlecruiser  
  59  7:14  Marine  
  60  7:32  Marine  
  62  7:37  SCV  
  62  7:49  SCV  
  62  7:50  Marine  
  64  8:01  SCV  
  65  8:21  Bunker  
  65  8:25  Supply Depot  
  65  8:33  Supply Depot  
  65  8:35  Supply Depot  
Show
View Real Time Build Order
Export as new Build Order

Vicster Terran - Winner!

Build Orders: Reaper Expand 

Get SALT Encoding   

  12  0:01  SCV  
  13  0:13  SCV  
  14  0:18  Supply Depot  
  14  0:26  SCV  
  15  0:39  SCV  
  15  0:41  Barracks  
  16  0:50  Refinery  
  16  0:51  SCV  
  17  1:04  SCV  
  18  1:16  SCV  
  19  1:30  Orbital Command  
  19  1:33  Reaper  
  20  1:45  Command Center  
  20  1:57  SCV  
  21  2:10  Factory  
  21  2:32  Barracks  
  21  2:33  Refinery  
  21  2:34  Barracks  
  21  2:37  SCV  
  21  2:40  Barracks Reactor  
  22  2:49  SCV  
  23  2:56  Supply Depot  
  23  3:01  Barracks, SCV  
  23  3:02  Factory Tech Lab  
  24  3:09  Orbital Command  
  24  3:13  SCV  
  24  3:19  Barracks Tech Lab  
  25  3:23  Barracks Reactor  
  25  3:25  SCV  
  25  3:26  Supply Depot  
  26  3:34  Starport  
  26  3:37  Marine, SCV  
  28  3:43  SCV  
  29  3:49  Marine x2, SCV  
  29  3:52  Barracks Reactor  
  32  4:02  SCV  
  33  4:05  Supply Depot  
  33  4:06  Marine  
  34  4:13  Starport Reactor  
  34  4:14  SCV  
  35  4:19  SCV  
  36  4:24  Refinery  
  36  4:26  SCV  
  36  4:31  Refinery, SCV  
  38  4:33  Engineering Bay  
  38  4:38  SCV  
  39  4:43  SCV  
  40  4:46  Stimpack  
  40  4:47  Marine x5  
  40  4:50  SCV  
  46  4:55  SCV  
  47  5:05  Marine x2  
  47  5:06  Terran Infantry Weapons Level 1  
  49  5:13  Marine x2  
  51  5:14  Marine x2  
  51  5:15  Marine  
  54  5:23  Marine x2  
  54  5:24  Command Center, SCV  
  57  5:30  Marine, Siege Tank  
  57  5:31  Marine  
  62  5:45  Supply Depot  
  62  5:47  Supply Depot  
  62  5:49  SCV  
  62  5:51  SCV  
  58  6:01  SCV  
  58  6:03  SCV  
  58  6:09  Bunker  
  58  6:14  Marine, SCV  
  58  6:15  Marine x6, SCV  
  67  6:22  Armory  
  67  6:26  SCV  
  67  6:27  SCV  
  67  6:28  Supply Depot  
  67  6:32  Marine, Medivac  
  71  6:33  Marine x6  
  71  6:38  SCV  
  71  6:39  SCV  
  80  6:41  Supply Depot  
  80  6:43  Supply Depot  
  80  6:46  Combat Shield  
  81  6:49  Orbital Command  
  81  6:50  Marine, SCV  
  81  6:51  Marine  
  76  7:02  Missile Turret  
  76  7:06  Missile Turret  
  76  7:10  Missile Turret  
  76  7:12  Missile Turret  
  76  7:22  SCV x2  
  78  7:23  Marine, SCV  
  78  7:24  Marine  
  78  7:25  Marine  
  82  7:33  Refinery x2  
  82  7:34  SCV  
  82  7:35  SCV x2  
  85  7:39  Terran Infantry Weapons Level 2  
  85  7:45  Terran Vehicle And Ship Armor Level 1  
  85  7:48  Thor  
  91  8:00  Marine x2  
  91  8:01  Marine x2  
  91  8:03  Medivac  
  97  8:06  SCV x2  
  97  8:07  SCV  
  100  8:18  SCV x2  
  100  8:19  SCV  
  103  8:27  Supply Depot  
  103  8:30  SCV  
  103  8:31  SCV x2  
  103  8:32  Supply Depot  
  99  8:43  SCV x2  
  99  8:48  Marine x7  
  103  8:50  Thor  
  103  8:51  Command Center, Medivac x2  
  117  9:06  Marine  
  110  9:21  Medivac x2  
  110  9:51  Medivac  
Tags
 
Add a new tag
Caveats
  • Supply blocks, unpowered buildings, or Contaminate may cause inaccurate times.
  • Supply counts are checked every 10 seconds.